 Dungeon Sprint DCSS version 0.26.1-11-gd32895ea62 (webtiles) character file.

Game seed: 6802544391156794632

1200000 Zeld the Warrior (level 11, -9/117 HPs)
             Began as a Minotaur Monk on June 6, 2021.
             Was a Believer of Makhleb.
             Mangled by a meat berserker
             ... wielding a +9 battleaxe
              (60 damage)
             ... in the Dungeon (Sprint VIII: "Arena of Blood").
             The game lasted 00:00:30 (12 turns).

Zeld the Warrior (Minotaur Monk)                      Turns: 12, Time: 00:00:30

Health: -9/117     AC:  2    Str: 19    XL:     11   Next: 71%
Magic:  10/10      EV: 22    Int:  7    God:    Makhleb [**....]
Gold:   0          SH:  0    Dex: 13    Spells: 10/10 levels left

rFire    . . .     SeeInvis .   h - +∞ Axe of Woe
rCold    . . .     Faith    .   (shield currently unavailable)
rNeg     . . .     Spirit   .   a - +0 robe
rPois    .         Reflect  .   (helmet restricted)
rElec    .         Harm     .   (no cloak)
rCorr    .         Rampage  .   (no gloves)
Will     .....     NoTele   +   (no boots)
Stlth    +++++.....             (no amulet)
HPRegen  0.29/turn              (no ring)
MPRegen  0.12/turn              (no ring)

@: no status effects
A: retaliatory headbutt, horns 2
a: Renounce Religion, Minor Destruction


You were in the Dungeon.
You worshipped Makhleb.
Makhleb was pleased with you.
You visited 1 branch

Inventory:

Hand Weapons
 h - the +∞ Axe of Woe (weapon)
   (You found it in the Dungeon)
Armour
 a - a +0 robe (worn)
Scrolls
 g - a scroll of blinking
Potions
 b - a potion of curing
 c - a potion of heal wounds
 d - a potion of haste
 e - 2 potions of magic
 f - a potion of berserk rage


   Skills:
 + Level 17.1 Fighting
 + Level 15.9 Dodging
 + Level 13.6 Stealth
 + Level 15.9 Unarmed Combat


You had 10 spell levels left.
You didn't know any spells.
Your spell library was empty.

Dungeon Overview and Level Annotations

Branches:
Dungeon (1/1)

Altars:
Makhleb


Innate Abilities, Weirdness & Mutations

You reflexively headbutt those who attack you in melee.
You have a pair of horns on your head.


Message History

Increase (S)trength, (I)ntelligence, or (D)exterity?
You feel stronger.
You have reached level 10!
You have reached level 11!
You hear a shout!
A meat berserker comes into view. It is wielding a +9 battleaxe.
You hear a shout!
A bag of meat comes into view. It is wielding a +9 war axe. x2
You hear a shout!
The meat berserker moves out of view.
You slash the bag of meat!
You slaughter the bag of meat joyfully.
You kill the bag of meat!
Makhleb accepts your kill.
You hear a shout! x11
The meat berserker hits you with a +9 battleaxe!!
The meat berserker hits you with a +9 battleaxe!!!
You hear a shout! x6
The meat berserker hits you with a +9 battleaxe!!!
Ouch! That really hurt!
You die...

..... .. #...
.# . #... ..#
..###.o. O.###.
......###......
....._......
#..)..# #_.@O_#
#..O..#
....._....o.
......###......
..###... o.###.
. #... ..# #...
o# ..... ..


You could see 3 meat berserkers and 4 bags of meat.

Vanquished Creatures
  2 orcs (D)
2 creatures vanquished.

Notes
Turn   | Place    | Note
-------+----------+-------------------------------------------
     0 | D        | Found the +∞ Axe of Woe
     0 | D        | Zeld the Minotaur Monk began the quest for the Orb.
     0 | D        | Reached XP level 1. HP: 19/19 MP: 0/0
     4 | D        | Became a worshipper of Makhleb the Destroyer
     4 | D        | Reached * piety under Makhleb
     4 | D        | Reached ** piety under Makhleb
     6 | D        | Noticed a bag of meat
     8 | D        | Noticed a bag of meat
     8 | D        | Noticed a bag of meat
     9 | D        | Noticed a meat berserker
     9 | D        | Noticed a meat berserker
    10 | D        | Noticed a bag of meat
    10 | D        | Killed a bag of meat
    10 | D        | Noticed a bag of meat
    11 | D        | Reached skill level 17 in Fighting
    11 | D        | Reached skill level 15 in Dodging
    11 | D        | Reached skill level 15 in Unarmed Combat
    11 | D        | Reached XP level 2. HP: 51/51 MP: 1/1
    11 | D        | Reached XP level 3. HP: 58/58 MP: 2/2
    11 | D        | Reached XP level 4. HP: 66/66 MP: 3/3
    11 | D        | Reached XP level 5. HP: 73/73 MP: 4/4
    11 | D        | Reached XP level 6. HP: 81/81 MP: 5/5
    11 | D        | Reached XP level 7. HP: 88/88 MP: 6/6
    11 | D        | Reached XP level 8. HP: 95/95 MP: 7/7
    11 | D        | Reached XP level 9. HP: 102/102 MP: 8/8
    11 | D        | Reached XP level 10. HP: 111/111 MP: 9/9
    11 | D        | Reached XP level 11. HP: 117/117 MP: 10/10
    11 | D        | Noticed a meat berserker
    11 | D        | Noticed a bag of meat
    11 | D        | Noticed a bag of meat
    12 | D        | Killed a bag of meat
    12 | D        | Mangled by a meat berserker

Illustrated notes

Levels and vault maps discovered:
D:        meatsprint

Skill      XL: |  1 |
---------------+----+-----
Fighting       | 17 | 17.1
Dodging        | 15 | 15.9
Stealth        | 13 | 13.6
Unarmed Combat | 15 | 15.9

Action                   |  1- 3 |  4- 6 |  7- 9 | 10-12 || total
-------------------------+-------+-------+-------+-------++-------
Melee: Executioner's axe |     1 |       |       |     1 ||     2
